General information
- name: grudge06
- type: Ladder 1vs1/FFA
- host: BEAR_AND
- saver: BEAR_AND
map: SantasStand
- players: 5
- length: 18:43
- speed: Fast
- version: 1.21 W3XP
- replay type:

» download(80 KB)
Players
team 1 (loser)

»
WWGT]Smolderas (
dark-green | 73 APM | 1359 actions | 18:42)
3 Blademaster
1 Wind Walk
2 Critical Strike
3 Tauren Chieftain
2 Endurance Aura
1 War Stomp
» actions
| Assign group hotkey | 15 | |
| Basic commands | 109 | |
| Build / train | 46 | |
| ESC pressed | 11 | |
| Enter build submenu | 20 | |
| Enter hero's abilities submenu | 6 | |
| Give item / drop item | 1 | |
| Right click | 709 | |
| Select / deselect | 334 | |
| Select group hotkey | 52 | |
| Use ability | 56 | |
1359 total
» units
| Peon | 7 | |
| Grunt | 4 | |
| Wind Rider | 2 | |
| Demolisher | 1 | |
| Kodo Beast | 1 | |
| Troll Headhunter/Berserker | 1 | |
| Goblin Shredder | 1 | |
| Troll Batrider | 4 | |
| Forest Troll Berserker | 1 | |
| Forest Troll Shadow Priest | 1 | |
| Mud Golem | 1 | |
| Ogre Mauler | 1 | |
25 total
» upgrades
| Berserker Strength | 1 | |
| Spiked Barricades | 1 | |
| Berserker Upgrade | 1 | |
| Shaman Training | 2 | |
| Reinforced Defenses | 1 | |
6 total
» buildings
| Altar of Storms | 1 | |
| Orc Burrow | 7 | |
| Voodoo Lounge | 1 | |
| Barracks | 1 | |
| War Mill | 1 | |
| Stronghold | 1 | |
| Beastiary | 1 | |
| Fortress | 1 | |
| Spirit Lodge | 1 | |
| Great Hall | 1 | |
16 total
» build order
00:08 Altar of Storms
00:13 Orc Burrow
00:55 Voodoo Lounge
01:56 Barracks
02:02 War Mill
02:14 Orc Burrow
03:10 Stronghold
04:04 Orc Burrow
05:35 Beastiary
05:46 Fortress
07:12 Orc Burrow
08:42 Spirit Lodge
10:01 Great Hall
11:31 Orc Burrow
11:34 Orc Burrow
11:58 Orc Burrow
» items
| Healing Salve | 2 | |
| Lesser Clarity Potion | 1 | |
| Scroll of Town Portal | 1 | |
| Orb of Lightning | 1 | |
5 total
team 2 (winner)
wwgt]Samuro (
red | 221 APM | 4142 actions | 18:43)
5 Death Knight
3 Death Coil
2 Unholy Aura
2 Lich
1 Frost Nova
1 Frost Armor
» actions
| Assign group hotkey | 410 | |
| Basic commands | 17 | |
| Build / train | 66 | |
| Enter build submenu | 19 | |
| Enter hero's abilities submenu | 8 | |
| Give item / drop item | 3 | |
| Remove unit from queue | 5 | |
| Right click | 1868 | |
| Select / deselect | 527 | |
| Select group hotkey | 1112 | |
| Use ability | 107 | |
4142 total
» units
| Acolyte | 8 | |
| Ghoul | 7 | |
| Obsidian Statue | 6 | |
| Crypt Fiend | 6 | |
| Goblin Zeppelin | 1 | |
28 total
» upgrades
» buildings
| Crypt | 1 | |
| Altar of Darkness | 1 | |
| Ziggurat | 7 | |
| Nerubian Tower | 4 | |
| Tomb of Relics | 1 | |
| Halls of the Dead | 2 | |
| Graveyard | 1 | |
| Slaughterhouse | 1 | |
| Black Citadel | 2 | |
20 total
» build order
00:06 Crypt
00:11 Altar of Darkness
00:23 Ziggurat
01:00 Ziggurat
01:46 Nerubian Tower
01:46 Nerubian Tower
01:46 Nerubian Tower
02:10 Tomb of Relics
02:56 Halls of the Dead
02:56 Halls of the Dead
04:10 Graveyard
04:50 Ziggurat
04:51 Ziggurat
05:39 Slaughterhouse
06:22 Black Citadel
06:22 Black Citadel
10:08 Ziggurat
10:09 Ziggurat
10:11 Ziggurat
» items
| Dust of Appearance | 1 | |
| Rod of Necromancy | 2 | |
| Potion of Lesser Invulnerability | 2 | |
| Scroll of Town Portal | 2 | |
7 total
observersBEAR_AND,
iggy_the_fisk,
dirtmcwordup Chat log
(01:04 / All) wwgt]Samuro: this map looks cool
(01:29 / All) wwgt]Samuro: haha trees in middle are the same
(04:13 / Observers) dirtmcwordup: hack&jack
(05:37 / Observers) iggy_the_fisk: dust when bm has no mana imperfect play by samuro
(06:08 / Observers) BEAR_AND: get some dust
(06:11 / Observers) BEAR_AND: in god we trust
(06:15 / Observers) BEAR_AND: -timgIVstrok
(06:22 / Observers) dirtmcwordup: hack and jack: delicious breakfast meal or stunning warcraft 3 tactic??
(06:57 / Observers) BEAR_AND: degrade the blade" aka follow w/ shade.
(07:13 / Observers) dirtmcwordup: coil and spoil
(07:21 / Observers) dirtmcwordup: spoil his appetite because he just lose grunt
(07:22 / Observers) BEAR_AND: punt that grunt
(07:30 / Observers) dirtmcwordup: possibly spoil his mood.
(07:40 / Observers) iggy_the_fisk: samuro in need of a surround n pound
(08:18 / Observers) BEAR_AND: farm hider & wind rider????
(09:10 / Observers) BEAR_AND: wind walk stinks save a sphinx
(09:22 / Observers) iggy_the_fisk: did you know SCVs are both mechanical and organic?
(09:28 / Observers) BEAR_AND: no who cares
(09:42 / Observers) BEAR_AND: nope
(09:45 / Observers) BEAR_AND: losea goul
(09:48 / Observers) dirtmcwordup: lose your CASH because healing salve got removed by SPLASH....
(09:56 / Observers) BEAR_AND: broken metre
(09:57 / Observers) BEAR_AND: sorry
(10:35 / Observers) BEAR_AND: token headhunter
(10:52 / Observers) dirtmcwordup: lightning shield on troll, thats how we roll
(11:10 / Observers) BEAR_AND: nova of frost araj is da boss
(11:13 / Observers) iggy_the_fisk: smolderas lets lightning shield finish the creep robbing him of precious experience
(11:17 / Observers) dirtmcwordup: trap a death knight, undead in for a fright
(11:53 / Observers) BEAR_AND: bla blablalblalblabl delirious
(11:56 / Observers) dirtmcwordup: meter: broken, headhunter: token
(12:23 / Observers) BEAR_AND: smolderas @ the merchant...bet he wish he was perchin
(12:41 / Observers) dirtmcwordup: a town is under siege, what shall we do my liegee
(13:07 / Observers) dirtmcwordup: focus on high level dk, he never dies: mad gay
(13:43 / Observers) iggy_the_fisk: smolderas didn't cancel the hall so he lost it all
(13:52 / Observers) dirtmcwordup: hero running low on hp hurry and tp out, but frst kill grun and make him flop like a trout
(14:35 / Observers) dirtmcwordup: destroyers flyover mid towards battle, orc second hero is a cattle
(14:44 / Observers) BEAR_AND: stompchief planstrider wif kajind & windriders
(15:18 / Observers) iggy_the_fisk: can dogs of war even the score
(15:34 / Observers) BEAR_AND: mercs and zerks, catas and ........
(15:46 / Observers) dirtmcwordup: orc has one of every unit, yet he still blew it
(16:00 / Observers) BEAR_AND: focus fire on the lich yea u pwn that litel bitch
(16:08 / Observers) dirtmcwordup: bat the air, he pulls out his hair
(16:22 / Observers) dirtmcwordup: hero gonna die, buy zeppelin to fly
(16:25 / Observers) BEAR_AND: moon micro with a zep dk avoids early death
(16:54 / Observers) dirtmcwordup: focus tc, lots of exp youll see
(17:10 / Observers) dirtmcwordup: kill his shop, his peons attack with their chop
(17:17 / All) WWGT]Smolderas: i play this game so much
(17:23 / All) WWGT]Smolderas: yet im still a scrub noob
(17:27 / All) wwgt]Samuro: no
(17:31 / All) wwgt]Samuro: You're pretty good
(17:34 / Observers) dirtmcwordup: shredder running from army, he gonna die oh blarmy
(17:36 / Observers) BEAR_AND: words of honesty from dark green, red avoids being mean
(17:37 / All) WWGT]Smolderas: w/e
(18:00 / Observers) dirtmcwordup: green loses worker to creeps, red stops in for a peep
(18:10 / Observers) BEAR_AND: no worker at base mining gold, now this game is getting old
(18:25 / Observers) dirtmcwordup: murlocs killing peon, this game is going on for eons
(18:40 / All) WWGT]Smolderas: i'm uninstalling
(18:41 / All) WWGT]Smolderas: gg